 Dungeon Crawl Stone Soup version 0.29-a0-493-g10c3c7b (webtiles) character file.

Game seed: 4206146149888375335

298 Toastz the Bolt Thrower (level 6, -1/38 HPs)
             Began as a Kobold Arcane Marksman on May 27, 2022.
             Slain by an iguana (9 damage)
             ... on level 4 of the Dungeon.
             The game lasted 00:08:23 (4146 turns).

Toastz the Bolt Thrower (Kobold Arcane Marksman)    Turns: 4146, Time: 00:08:23

Health: -1/38      AC:  2    Str:  7    XL:     6   Next: 63%
Magic:  7/7        EV: 15    Int: 14    God:
Gold:   195        SH:  0    Dex: 18    Spells: 6/7 levels left

rFire   . . .      SeeInvis .   a - +0 hand crossbow (flame)
rCold   . . .      Faith    .   (no shield)
rNeg    . . .      Spirit   .   b - +0 robe
rPois   .          Reflect  .   (no helmet)
rElec   .          Harm     .   l - scarf {repulsion}
rCorr   .          Rampage  .   (no gloves)
Will    +....                   (no boots)
Stlth   +++.......              (no amulet)
HPRegen 0.12/turn               d - ring of willpower
MPRegen 0.10/turn               (no ring)

@: repel missiles
A: small, no large weapons, nightstalker 3
a: no special abilities


You were on level 4 of the Dungeon.
You visited 1 branch of the dungeon, and saw 4 of its levels.
You also visited: Sewer.

You collected 195 gold pieces.

Inventory:

Hand Weapons
 a - a +0 hand crossbow of flaming (weapon)
Missiles
 r - 6 poisoned darts
Armour
 b - a +0 robe (worn)
 l - a scarf of repulsion (worn)
 s - an orb of guile
 t - a +0 ring mail
Jewellery
 d - a ring of willpower (left hand)
 o - a ring of wizardry
Wands
 k - a wand of iceblast (9)
Scrolls
 c - 2 scrolls of vulnerability
 e - a scroll of immolation {unknown}
 f - 2 scrolls of brand weapon
 j - a scroll of magic mapping
 m - a scroll of enchant armour
Potions
 g - 2 potions of haste {unknown}
 h - 2 potions of mutation
 i - a potion of degeneration {unknown}
 n - a potion of berserk rage {unknown}
 p - 2 potions of attraction {unknown}
 q - a potion of lignification {unknown}


   Skills:
 + Level 3.8 Fighting
 * Level 6.9 Crossbows
 - Level 2.4 Dodging
 - Level 1.1 Spellcasting
 + Level 3.4 Hexes


You had 6 spell levels left.
You knew the following spells:

 Your Spells              Type           Power      Damage    Failure   Level
a - Slow                  Hex            40%        N/A       6%          1

Your spell library contained the following spells:

 Spells                   Type           Power      Damage    Failure   Level
 Inner Flame              Hex/Fire       5%         N/A       36%         3
 Portal Projectile        Hex/Tloc       10%        N/A       36%         3
 Cause Fear               Hex            5%         N/A       54%         4


Dungeon Overview and Level Annotations

Branches:
Dungeon (4/15)              Sewer (visited)
 Temple: D:4-7

Altars:

Shops:
D:1 :   D:4 (


Innate Abilities, Weirdness & Mutations

You are small and have problems with some larger weapons.
You are completely attuned to the shadows.


Message History

You shoot a bolt. The bolt hits the orc!
The bolt burns the orc.
You kill the orc!
Shoot: a) +0 hand crossbow (flame)
Press: ? - help, Q - select action, (/) - cycle Shift-Dir - straight line, f - you
Okay, then.
You start resting.
An iguana comes into view.
Shoot: a) +0 hand crossbow (flame)
Press: ? - help, Q - select action, (/) - cycle Shift-Dir - straight line, f - iguana
Aim: an iguana (wandering, hasn't noticed you, 69% to hit)
You shoot a bolt.
The bolt hits the iguana but does no damage.
Shoot: a) +0 hand crossbow (flame)
Press: ? - help, Q - select action, (/) - cycle Shift-Dir - straight line, f/p - iguana
Aim: an iguana (69% to hit)
You shoot a bolt. The bolt completely misses the iguana.
Shoot: a) +0 hand crossbow (flame)
Press: ? - help, Q - select action, (/) - cycle Shift-Dir - straight line, f/p - iguana
Aim: an iguana (69% to hit)
You shoot a bolt. The bolt hits the iguana.
The bolt burns the iguana.
The iguana is moderately wounded.
Shoot: a) +0 hand crossbow (flame)
Press: ? - help, Q - select action, (/) - cycle Shift-Dir - straight line, f/p - iguana
Aim: an iguana (moderately wounded, 69% to hit)
You shoot a bolt. The bolt hits the iguana.
The bolt burns the iguana.
The iguana is heavily wounded.
The iguana closely misses you.
Shoot: a) +0 hand crossbow (flame)
Press: ? - help, Q - select action, (/) - cycle Shift-Dir - straight line, f/p - iguana
Aim: an iguana (heavily wounded, 69% to hit)
You shoot a bolt. The bolt barely misses the iguana.
The iguana closely misses you.
Shoot: a) +0 hand crossbow (flame)
Press: ? - help, Q - select action, (/) - cycle Shift-Dir - straight line, f/p - iguana
Aim: an iguana (heavily wounded, 69% to hit)
You shoot a bolt. The bolt barely misses the iguana.
The iguana bites you!
* * * LOW HITPOINT WARNING * * *
The iguana bites you!
You die...

♣o..# ♣P..♣ ♣...♣
♣P..#
♣♣...♣♣♣...♣♣♣...#
..P....)..P......#
.................#
..P.l......(.PP..#
♣♣.†@♣♣♣..P♣♣♣...#
♣.†)♣ ♣..P♣ ♣...####
♣...♣♣♣...♣♣♣...)...
..P...PP........#####
.....................
.....PPP.P..####
♣♣♣..P♣♣♣.......
♣P..♣ ♣...####
♣..P♣♣♣..##


You could see an iguana.

Vanquished Creatures
  A black bear (D:4)
  A hound (D:2)
  Ijyb (D:3)
  An orc wizard (D:4)
  7 adders
  2 dart slugs
  An orc (D:4)
  12 endoplasms
  5 giant cockroaches
  11 goblins
  3 hobgoblins
  3 quokkas
  2 ball pythons
  6 bats
  A frilled lizard (D:1)
  3 kobolds
  6 rats
66 creatures vanquished.

Vanquished Creatures (others)
  41 plants
41 creatures vanquished.

Grand Total: 107 creatures vanquished

Notes
Turn   | Place    | Note
-------+----------+-------------------------------------------
     0 | D:1      | Toastz the Kobold Arcane Marksman began the quest for the
                  | Orb.
     0 | D:1      | Reached XP level 1. HP: 12/12 MP: 2/2
    83 | D:1      | Reached skill level 3 in Crossbows
   116 | D:1      | Reached XP level 2. HP: 16/16 MP: 1/3
   470 | D:1      | Reached XP level 3. HP: 21/21 MP: 4/4
   482 | D:1      | Reached skill level 4 in Crossbows
   523 | D:1      | Found a faded altar of an unknown god.
   582 | D:1      | Found Etioptic's Book Shoppe.
  1116 | D:2      | Reached XP level 4. HP: 12/26 MP: 5/5
  1307 | D:2      | Reached skill level 5 in Crossbows
  1846 | D:2      | Reached XP level 5. HP: 32/32 MP: 6/6
  2384 | D:3      | Found a glowing drain.
  2406 | D:3      | Noticed Ijyb
  2415 | D:3      | Paralysed by Ijyb for 3 turns
  2828 | Sewer    | Entered a sewer
  2903 | D:3      | Killed Ijyb
  2904 | D:3      | Reached skill level 6 in Crossbows
  3511 | D:4      | Noticed a black bear
  3518 | D:4      | Killed a black bear
  3519 | D:4      | Reached XP level 6. HP: 17/37 MP: 7/7
  3728 | D:4      | Found Ciurcham's Weapon Emporium.
  4146 | D:4      | Slain by an iguana

Illustrated notes

Levels and vault maps discovered:
D:1:      dpeg_arrival_boxorama, layout_rooms,
          shapermc_ecumenical_altar_mp_urbaneastern, serial_shops,
          nicolae_shop_stone
D:2:      layout_basic, minmay_pentomino_q4
D:3:      layout_rooms, portal_sewer_entry_f, nrook_mini_backslash,
          nicolae_elevator_lobby_asterisk, uniq_ijyb
D:4:      layout_rooms, serial_shops, nicolae_shop_bloodbath_and_beyond,
          kennysheep_boxes

Skill      XL: |  1  2  3  4  5 |
---------------+----------------+-----
Crossbows      | 3 4 5 6 |  6.9
Fighting       | 2 3 |  3.8
Dodging        | |  2.4
Spellcasting   | |  1.1
Hexes          | |  3.4

Action                   |  1- 3 |  4- 6 || total
-------------------------+-------+-------++-------
Melee: Unarmed           |     1 |       ||     1
 Fire: Hand crossbow     |    86 |   137 ||   223
 Cast: Slow              |     4 |     3 ||     7
  Use: Potion            |     1 |       ||     1
       Scroll            |       |     5 ||     5
Armor: Robe              |    10 |    20 ||    30
Dodge: Dodged            |    23 |    75 ||    98

Table legend: (Time is in decaauts)
 A = Elapsed time spent in this place.
 B = Non-inter-level travel time spent in this place.
 C = Inter-level travel time spent in this place.
 D = Time resting spent in this place.
 E = Time spent auto-exploring this place.
 F = Levels seen in this place.
 G = Mean time per level.
                   A        B        C        D        E       F      G
               +--------+--------+--------+--------+--------+-----+--------+
         Total |   4218 |   4063 |    155 |    965 |   2488 |   5 |  843.6 |
       Dungeon |   4150 |   3995 |    155 |    965 |   2429 |   4 | 1037.5 |
         Sewer |     68 |     68 |      0 |      0 |     59 |   1 |   68.0 |
               +--------+--------+--------+--------+--------+-----+--------+

Top non-repeatable levels by time:
     D:2: 1686 daAuts
     D:1: 1015 daAuts
     D:3: 968 daAuts
     D:4: 480 daAuts
   Sewer: 68 daAuts
